 Dungeon Crawl Stone Soup version 0.20.0-8-g6b59dc7 (webtiles) character file.

116 MDvedh the Ruffian (level 5, -6/41 HPs)
             Began as a Ghoul Gladiator on June 2, 2017.
             Mangled by a gnoll
             ... wielding a +0 halberd
              (8 damage)
             ... on level 3 of the Dungeon.
             The game lasted 00:02:22 (1782 turns).

MDvedh the Ruffian (Ghoul Gladiator)                Turns: 1782, Time: 00:02:23

Health: -6/41      AC:  4    Str: 19    XL:     5   Next: 1%
Magic:  4/4        EV: 12    Int:  3    God:
Gold:   167        SH:  0    Dex: 10    Spells: 4/4 levels left

rFire    . . .     SeeInvis .     - Unarmed
rCold    + . .     Gourm    .   (no shield)
rNeg     + + +     Faith    .   a - +0 leather armour
rPois    ∞         Spirit   .   b - +0 helmet
rElec    .         Reflect  .   (no cloak)
rCorr    .         Harm     .   (no gloves)
MR       .....                  (no boots)
Stlth    +.........             (no amulet)
Regen    0.0/turn               (no ring)
MPRegen  0.1/turn               (no ring)

@: rotting
A: rotting body, claws 1, carnivore 3, cold resistance 1, negative energy
resistance 3, inhibited regeneration, torment resistance, unbreathing
a: no special abilities


You were on level 3 of the Dungeon.
You were not hungry.

You visited 1 branch of the dungeon, and saw 3 of its levels.

You collected 167 gold pieces.

Inventory:

Missiles
 c - 2 throwing nets (quivered)
Armour
 a - a +0 leather armour (worn)
 b - a +0 helmet (worn)
Jewellery
 j - a +5 amulet of reflection {unknown}
 l - a +4 ring of strength {unknown}
Scrolls
 e - a scroll of fear {unknown}
 f - a scroll of identify {unknown}
 i - 3 scrolls of teleportation {unknown}
 p - a scroll of enchant armour {unknown}
 v - a scroll of amnesia {unknown}
Potions
 g - 3 potions of curing {unknown}
 h - a potion of brilliance {unknown}
 k - 2 potions of ambrosia {unknown}
 n - a potion of lignification {unknown}
 o - a potion of magic {unknown}
 q - a potion of berserk rage {unknown}
 r - a potion of degeneration {unknown}
 t - 2 potions of cancellation {unknown}
 u - a potion of mutation {unknown}
 w - a potion of heal wounds {unknown}
Comestibles
 d - a meat ration
 m - 5 chunks of flesh
 s - a royal jelly


   Skills:
 - Level 2.1 Fighting
 - Level 1.7 Throwing
 - Level 2.6 Dodging
 + Level 6.0 Unarmed Combat


You had 4 spell levels left.
You didn't know any spells.

Dungeon Overview and Level Annotations

Branches:
Dungeon (3/15)

Altars:


Innate Abilities, Weirdness & Mutations

Your body is rotting away.
You thrive on raw meat.
You are immune to poison.
You have sharp fingernails.
You are carnivorous and can eat meat at any time.
Your flesh is cold resistant. (rC+)
You are immune to negative energy. (rN+++)
You do not regenerate when monsters are visible.
You are immune to unholy pain and torment.
You can survive without breathing.


Message History

The gnoll hits you from afar with a halberd.
The gnoll struggles against the net.
You are too injured to fight recklessly!
You are too injured to fight recklessly!
You are too injured to fight recklessly!
You are too injured to fight recklessly!
The gnoll hits you with a halberd!
* * * LOW HITPOINT WARNING * * *
The gnoll struggles against the net.
You barely miss the gnoll. The gnoll closely misses you.
The gnoll struggles against the net.
You scratch the gnoll.
The gnoll is moderately wounded.
You claw the gnoll!
The gnoll is almost dead.
The gnoll hits you but does no damage.
The gnoll struggles against the net.
You barely miss the gnoll.
The gnoll is almost dead.
The gnoll struggles against the net.
The gnoll hits you with a halberd!
You die...

#.#.# #..#
####.#.# ##.#
#....#.#
#.####
#.####.#
####..... #.#
#...........#
#.#
#.###########
#.# #.# #.#
#@# #g# #g#
#)# #.# r #)#
...
#.#####....s
#...gg.g....
#######.....


You could see 2 gnolls.

Vanquished Creatures
  2 gnolls (D:3)
  4 adders (D:2)
  An ooze (D:1)
  A dart slug (D:1)
  4 orcs (D:3)
  4 goblins
  8 hobgoblins
  10 jackals
  6 kobolds (D:2)
  A quokka (D:2)
  4 bats
  A frilled lizard (D:1)
  4 rats
50 creatures vanquished.

Notes
Turn   | Place    | Note
-------+----------+-------------------------------------------
     0 | D:1      | MDvedh the Ghoul Gladiator began the quest for the Orb.
     0 | D:1      | Reached XP level 1. HP: 17/17 MP: 0/0
    37 | D:1      | Reached XP level 2. HP: 20/23 MP: 1/1
    53 | D:1      | Reached skill level 4 in Unarmed Combat
   751 | D:2      | Reached XP level 3. HP: 24/25 MP: 2/2
   998 | D:2      | Reached skill level 5 in Unarmed Combat
  1075 | D:2      | Reached XP level 4. HP: 36/36 MP: 3/3
  1771 | D:3      | Reached skill level 6 in Unarmed Combat
  1771 | D:3      | Reached XP level 5. HP: 30/41 MP: 4/4
  1778 | D:3      | HP: 2/41 [gnoll/halberd (12)]
  1782 | D:3      | Mangled by a gnoll

Skill      XL: |  1  2  3  4 |
---------------+-------------+-----
Unarmed Combat | 4 5 6 |  6.0
Fighting       | |  2.1
Throwing       | |  1.7
Dodging        | |  2.6

Action                   |  1- 3 |  4- 6 || total
-------------------------+-------+-------++-------
Melee: Unarmed           |    81 |    78 ||   159
       Punch             |       |     2 ||     2
Throw: Throwing net      |       |     2 ||     2
  Eat: Chunk             |     4 |       ||     4
Armor: Leather armour    |    26 |    11 ||    37
Dodge: Dodged            |    50 |    51 ||   101
